 Dungeon Crawl Stone Soup version 0.27.1-2-g3b301248ec (webtiles) character file.

Game seed: 7512642337739745686

6103 MisterFreud the Blocker (level 10, -10/82 HPs)
             Began as a Gnoll Fighter on Oct 3, 2021.
             Was an Elder of Fedhas.
             Mangled by a two-headed ogre (23 damage)
             ... on level 8 of the Dungeon.
             The game lasted 00:14:53 (8706 turns).

MisterFreud the Blocker (Gnoll Fighter)             Turns: 8706, Time: 00:14:54

Health: -10/82     AC: 13    Str: 17    XL:     10   Next: 88%
Magic:  18/18      EV: 10    Int: 10    God:    Fedhas [****..]
Gold:   268        SH: 12    Dex: 11    Spells: 18/20 levels left

rFire    . . .     SeeInvis .   O - +2 rapier (vamp)
rCold    . . .     Faith    +   c - +1 kite shield
rNeg     . . .     Spirit   .   b - +0 scale mail
rPois    .         Reflect  .   o - +0 helmet
rElec    .         Harm     .   (no cloak)
rCorr    .         Rampage  .   (no gloves)
Will     .....                  (no boots)
Stlth    ++........             f - amulet of faith
HPRegen  0.23/turn              a - +4 ring of protection
MPRegen  0.16/turn              D - +4 ring of slaying

@: no status effects
A: fangs 1, strong nose, distributed training
a: Renounce Religion, Wall of Briars, Grow Ballistomycete, Overgrow


You were on level 8 of the Dungeon.
You worshipped Fedhas.
Fedhas was greatly pleased with you.
You visited 1 branch of the dungeon, and saw 9 of its levels.

You collected 352 gold pieces.
You spent 84 gold pieces at shops.

Inventory:

Hand Weapons
 k - a +1 dagger of venom
 O - a +2 vampiric rapier (weapon)
Missiles
 g - 3 javelins
 j - 106 stones
 l - 163 arrows
 r - 14 poisoned darts (quivered)
 y - 61 sling bullets
 F - 8 boomerangs
Armour
 b - a +0 scale mail (worn)
 c - a +1 kite shield (worn)
 e - a +0 chain mail
 o - a +0 helmet (worn)
 q - the +1 ring mail of Viodghuhurgh {rC+ SInv}
   (You found it on level 7 of the Dungeon)

   rC:        It protects you from cold.
   SInv:      It lets you see invisible.
Jewellery
 a - a +4 ring of protection (left hand)
 f - an amulet of faith (around neck)
 z - a +6 ring of dexterity
 A - a +4 ring of evasion
 D - a +4 ring of slaying (right hand)
 K - a +6 ring of intelligence
Wands
 t - a wand of flame (1)
 B - a wand of polymorph (12)
 L - a wand of paralysis (6)
Scrolls
 h - 3 scrolls of fog
 s - 2 scrolls of blinking
 v - a scroll of vulnerability {unknown}
 x - a scroll of enchant armour
 C - a scroll of amnesia {unknown}
 E - 3 scrolls of teleportation {unknown}
 H - 2 scrolls of noise {unknown}
 I - a scroll of immolation {unknown}
 M - 2 scrolls of enchant weapon {unknown}
 N - a scroll of fear {unknown}
Potions
 d - 3 potions of might
 i - a potion of haste
 m - 3 potions of mutation
 n - 3 potions of curing
 p - a potion of heal wounds
 u - a potion of lignification
 w - a potion of magic
 G - a potion of flight {unknown}
 J - a potion of attraction {unknown}


   Skills:
 + Level 8.8 Fighting
 + Level 7.4 Short Blades
 + Level 5.7 Long Blades
 + Level 5.7 Axes
 + Level 5.7 Maces & Flails
 + Level 5.7 Polearms
 + Level 5.7 Staves
 + Level 5.7 Slings
 + Level 5.7 Bows
 + Level 5.7 Crossbows
 + Level 5.7 Throwing
 + Level 8.8 Armour
 + Level 5.7 Dodging
 + Level 5.7 Stealth
 + Level 8.8 Shields
 + Level 5.7 Unarmed Combat
 + Level 5.7 Spellcasting
 + Level 4.7 Conjurations
 + Level 4.7 Hexes
 + Level 4.7 Summonings
 + Level 4.7 Necromancy
 + Level 4.7 Translocations
 + Level 4.7 Transmutations
 + Level 4.7 Fire Magic
 + Level 4.7 Ice Magic
 + Level 4.7 Air Magic
 + Level 4.7 Earth Magic
 + Level 4.7 Poison Magic
 + Level 6.2 Invocations
 + Level 5.7 Evocations


You had 18 spell levels left.
You knew the following spells:

 Your Spells              Type           Power      Damage    Failure   Level
a - Blink                 Tloc           N/A        N/A       28%         2

Your spell library contained the following spells:

 Spells                   Type           Power      Damage    Failure   Level
 Freeze                   Ice            48%        1d7       19%         1
 Summon Small Mammal      Summ           48%        N/A       19%         1
 Call Canine Familiar     Summ           12%        N/A       50%         3
 Frozen Ramparts          Ice            24%        1d4       50%         3
 Portal Projectile        Hex/Tloc       24%        N/A       50%         3
 Summon Guardian Golem    Hex/Summ       12%        N/A       50%         3
 Cause Fear               Hex            6%         N/A       88%         4
 Hailstorm                Conj/Ice       12%        3d5       88%         4
 Manifold Assault         Tloc           12%        N/A       99%         5
 Silence                  Hex/Air        6%         N/A       99%         5
 Yara's Violent Unravell  Hex/Tmut       6%         3d5       99%         5
 Dragon Form              Tmut           6%         N/A       100%        7
 Storm Form               Tmut/Air       6%         N/A       100%        7
 Dragon's Call            Summ           6%         N/A       100%        9


Dungeon Overview and Level Annotations

Branches:
Dungeon (9/15)             Temple (0/1) D:6            Lair (0/6) D:9
    Orc: D:9-12

Altars:
Ashenzari
Cheibriados
Elyvilon
Fedhas
Hepliaklqana
Makhleb
Ru
Sif Muna
Trog
Uskayaw
Vehumet
Xom
Zin

Shops:
D:3 !

Annotations:
D:3 2 transporters, Skiberibeda's ghost, amateur GrFi


Innate Abilities, Weirdness & Mutations

You have very sharp teeth.
Your uncanny sense of smell can sniff out nearby items.
Your experience applies equally to all skills.


Message History

You block the two-headed ogre's attack. x2
You puncture the two-headed ogre!
The two-headed ogre is heavily wounded.
The two-headed ogre hits you with a +0 giant spiked club!
The two-headed ogre hits you with a +0 giant club!
You hit the two-headed ogre but do no damage.
The two-headed ogre is heavily wounded.
The two-headed ogre barely misses you. x2
You barely miss the two-headed ogre.
The two-headed ogre is heavily wounded.
You puncture the two-headed ogre! You bite the two-headed ogre.
The two-headed ogre is severely wounded.
You block the two-headed ogre's attack. x2
You barely miss the two-headed ogre.
The two-headed ogre is severely wounded.
The two-headed ogre hits you with a +0 giant spiked club!!
You block the two-headed ogre's attack.
You hit the two-headed ogre.
You feel better.
You bite the two-headed ogre.
The two-headed ogre is almost dead.
The two-headed ogre hits you with a +0 giant spiked club!!
* * * LOW HITPOINT WARNING * * *
The two-headed ogre closely misses you.
You barely miss the two-headed ogre.
The two-headed ogre is almost dead.
You hit the two-headed ogre.
The two-headed ogre is almost dead.
The two-headed ogre hits you with a +0 giant spiked club.
* * * LOW HITPOINT WARNING * * *
The two-headed ogre hits you with a +0 giant club.
* * * LOW HITPOINT WARNING * * *
You hit the two-headed ogre.
You feel better.
You bite the two-headed ogre, but do no damage.
The two-headed ogre is almost dead.
You block the two-headed ogre's attack. The two-headed ogre closely misses you.
You barely miss the two-headed ogre.
The two-headed ogre is almost dead.
The two-headed ogre misses you.
The two-headed ogre hits you with a +0 giant club!!
You die...
Fedhas appreciates your contribution to the ecosystem.

#...............#
#...............#
#...............####.#
#......#####.........
#...... ##'#...#
#.....### #......
...#...# #.....# #......
####...# #.....# #......
#...# #.....# #......
#...# #####@# #......
##### ##O##########$)....
#KKK....K...).)....
#......K........... ##
#######..................
.#
.........................
.#
.........)............##.
.#
................##....# .
.#
####.......#....##....# .


You could see a two-headed ogre and 3 kobolds.

Vanquished Creatures
  A hydra (D:7)
  3 centaur zombies
  2 trolls
  A wraith (D:7)
  A steam dragon (D:8)
  4 yaks (D:9)
  2 water moccasins
  2 orc warriors
  An ice beast (D:7)
  2 sky beasts
  5 black bears
  An ogre (D:5)
  2 wolves (D:9)
  6 centaurs
  A necrophage (D:5)
  2 kobold brigands
  A water moccasin zombie (D:5)
  3 scorpions
  2 bullfrogs
  A water moccasin skeleton (D:5)
  4 killer bees (D:8)
  2 electric eels (D:9)
  7 hounds
  12 orc priests
  A bullfrog skeleton (D:5)
  A centaur skeleton (D:6)
  5 iguanas
  6 orc wizards
  Robin (D:2)
  A howler monkey skeleton (D:5)
  3 adders
  An adder skeleton (D:4)
  A worm (D:2)
  A dart slug (D:4)
  27 orcs
  5 ball pythons
  7 bats
  5 endoplasms
  4 giant cockroaches
  11 goblins
  3 hobgoblins
  13 jackals
  3 quokkas
  4 frilled lizards
  10 kobolds
  5 rats
186 creatures vanquished.

Vanquished Creatures (collateral kills)
  10 ballistomycete spores
10 creatures vanquished.

Grand Total: 196 creatures vanquished

Notes
Turn   | Place    | Note
-------+----------+-------------------------------------------
     0 | D:1      | MisterFreud the Gnoll Fighter began the quest for the Orb.
     0 | D:1      | Reached XP level 1. HP: 23/23 MP: 1/1
   279 | D:1      | Reached XP level 2. HP: 29/29 MP: 2/2
   811 | D:1      | Found a faded altar of an unknown god.
   820 | D:1      | Became a worshipper of Fedhas Madash
   820 | D:1      | Reached * piety under Fedhas
   830 | D:1      | Reached XP level 3. HP: 34/35 MP: 3/3
  1010 | D:2      | Reached skill level 1 in Invocations
  1380 | D:2      | Reached skill level 1 in Long Blades
  1380 | D:2      | Reached skill level 1 in Axes
  1380 | D:2      | Reached skill level 1 in Maces & Flails
  1380 | D:2      | Reached skill level 1 in Polearms
  1380 | D:2      | Reached skill level 1 in Staves
  1380 | D:2      | Reached skill level 1 in Slings
  1380 | D:2      | Reached skill level 1 in Bows
  1380 | D:2      | Reached skill level 1 in Crossbows
  1380 | D:2      | Reached skill level 1 in Throwing
  1380 | D:2      | Reached skill level 1 in Dodging
  1380 | D:2      | Reached skill level 1 in Stealth
  1380 | D:2      | Reached skill level 1 in Unarmed Combat
  1380 | D:2      | Reached skill level 1 in Spellcasting
  1380 | D:2      | Reached skill level 1 in Evocations
  1404 | D:2      | Noticed Robin
  1415 | D:2      | Killed Robin
  1416 | D:2      | Reached XP level 4. HP: 28/41 MP: 5/5
  1642 | D:2      | Reached ** piety under Fedhas
  2175 | D:3      | Reached skill level 1 in Conjurations
  2175 | D:3      | Reached skill level 1 in Hexes
  2175 | D:3      | Reached skill level 1 in Summonings
  2175 | D:3      | Reached skill level 1 in Necromancy
  2175 | D:3      | Reached skill level 1 in Translocations
  2175 | D:3      | Reached skill level 1 in Transmutations
  2175 | D:3      | Reached skill level 1 in Fire Magic
  2175 | D:3      | Reached skill level 1 in Ice Magic
  2175 | D:3      | Reached skill level 1 in Air Magic
  2175 | D:3      | Reached skill level 1 in Earth Magic
  2175 | D:3      | Reached skill level 1 in Poison Magic
  2279 | D:3      | Reached XP level 5. HP: 47/47 MP: 6/6
  2289 | D:3      | Noticed an ogre
  2293 | D:3      | Found a transporter.
  2293 | D:3      | Identified the +7 dire flail of Starshine {vamp, rElec rN+
                  | SInv}
  2293 | D:3      | Noticed an ogre
  2295 | D:3      | Noticed Skiberibeda's ghost (amateur GrFi)
  2310 | D:3      | Found a transporter.
  2622 | D:3      | Reached XP level 6. HP: 53/53 MP: 8/8
  2671 | D:3      | Found Fagaf's Distillery.
  2681 | D:3      | Bought a potion of curing for 42 gold pieces
  2681 | D:3      | Bought a potion of lignification for 42 gold pieces
  3039 | D:4      | Noticed a black bear
  3057 | D:4      | Killed a black bear
  3058 | D:4      | Reached skill level 5 in Short Blades
  3682 | D:4      | Reached XP level 7. HP: 59/59 MP: 10/10
  3740 | D:5      | Entered Level 5 of the Dungeon
  3743 | D:5      | Noticed a troll
  3764 | D:5      | Killed a troll
  4076 | D:5      | Found a bloodstained altar of Trog.
  4182 | D:5      | Reached *** piety under Fedhas
  4191 | D:5      | Reached XP level 8. HP: 65/67 MP: 12/12
  4892 | D:6      | Reached XP level 9. HP: 70/72 MP: 14/14
  5271 | D:6      | Found a staircase to the Ecumenical Temple.
  6083 | D:7      | Identified the +1 ring mail of Viodghuhurgh {rC+ SInv}
  6103 | D:7      | Noticed a seven-headed hydra
  6120 | D:7      | Killed a seven-headed hydra
  6121 | D:7      | Reached skill level 5 in Invocations
  6121 | D:7      | Reached XP level 10. HP: 23/80 MP: 12/17
  6726 | D:7      | Reached skill level 5 in Long Blades
  6726 | D:7      | Reached skill level 5 in Axes
  6726 | D:7      | Reached skill level 5 in Maces & Flails
  6726 | D:7      | Reached skill level 5 in Polearms
  6726 | D:7      | Reached skill level 5 in Staves
  6726 | D:7      | Reached skill level 5 in Slings
  6726 | D:7      | Reached skill level 5 in Bows
  6726 | D:7      | Reached skill level 5 in Crossbows
  6726 | D:7      | Reached skill level 5 in Throwing
  6726 | D:7      | Reached skill level 5 in Dodging
  6726 | D:7      | Reached skill level 5 in Stealth
  6726 | D:7      | Reached skill level 5 in Unarmed Combat
  6726 | D:7      | Reached skill level 5 in Spellcasting
  6726 | D:7      | Reached skill level 5 in Evocations
  6906 | D:7      | Found a hide-covered altar of Uskayaw.
  6907 | D:7      | Found a white marble altar of Elyvilon.
  6909 | D:7      | Found a hazy altar of Hepliaklqana.
  6910 | D:7      | You fall into a shaft and drop 2 floors!
  6910 | D:9      | Found a staircase to the Lair.
  7395 | D:9      | Learned a level 2 spell: Blink
  7415 | D:9      | Got the Disquisition on Bewitchment
  7461 | D:9      | Reached **** piety under Fedhas
  7546 | D:8      | Noticed a two-headed ogre
  8543 | D:7      | Found a snail-covered altar of Cheibriados.
  8545 | D:7      | Found a glowing silver altar of Zin.
  8545 | D:7      | Found a sacrificial altar of Ru.
  8545 | D:7      | Found a burning altar of Makhleb.
  8546 | D:7      | Found a radiant altar of Vehumet.
  8547 | D:7      | Found a shimmering blue altar of Sif Muna.
  8549 | D:7      | Found a shimmering altar of Xom.
  8550 | D:7      | Found a broken altar of Ashenzari.
  8706 | D:8      | Mangled by a two-headed ogre

Illustrated notes

Levels and vault maps discovered:
D:1:      nzn_arrival_depleted_hourglass, layout_loops_ring,
          hellmonk_ecumenical_altar_lost_god
D:2:      layout_loops_ring, uniq_robin
D:3:      cheibrodos_pilgrimage, layout_rooms, gammafunk_ghost_smash,
          serial_shops, shop
D:4:      layout_gridville, dk_rats_in_the_wall
D:5:      layout_loops_ring, mainiacjoe_overflow_catwalk, kennysheep_boxes
D:6:      layout_basic, minmay_temple_entry_slanted
D:7:      layout_cave_pools, minitemple, grunt_ministairs_6
D:8:      layout_basic
D:9:      layout_grid_maze, fedhas_bush_and_centaur_altar, erik_lair_island,
          serial_bayou_pond_e, nicolae_underground_beach

Skill      XL: |  1  2  3  4  5  6  7  8  9 10 |
---------------+-------------------------------+-----
Invocations    | 1 2 3 4 5 6 |  6.2
Long Blades    | 1 2 3 4 5 |  5.7
Axes           | 1 2 3 4 5 |  5.7
Maces & Flails | 1 2 3 4 5 |  5.7
Polearms       | 1 2 3 4 5 |  5.7
Staves         | 1 2 3 4 5 |  5.7
Slings         | 1 2 3 4 5 |  5.7
Bows           | 1 2 3 4 5 |  5.7
Crossbows      | 1 2 3 4 5 |  5.7
Throwing       | 1 2 3 4 5 |  5.7
Dodging        | 1 2 3 4 5 |  5.7
Stealth        | 1 2 3 4 5 |  5.7
Unarmed Combat | 1 2 3 4 5 |  5.7
Spellcasting   | 1 2 3 4 5 |  5.7
Evocations     | 1 2 3 4 5 |  5.7
Conjurations   | 1 2 3 4 |  4.7
Hexes          | 1 2 3 4 |  4.7
Summonings     | 1 2 3 4 |  4.7
Necromancy     | 1 2 3 4 |  4.7
Translocations | 1 2 3 4 |  4.7
Transmutations | 1 2 3 4 |  4.7
Fire Magic     | 1 2 3 4 |  4.7
Ice Magic      | 1 2 3 4 |  4.7
Air Magic      | 1 2 3 4 |  4.7
Earth Magic    | 1 2 3 4 |  4.7
Poison Magic   | 1 2 3 4 |  4.7
Short Blades   | 5 6 7 |  7.4
Fighting       | 7 8 |  8.8
Armour         | 7 8 |  8.8
Shields        | 7 8 |  8.8

Action                   |  1- 3 |  4- 6 |  7- 9 | 10-12 || total
-------------------------+-------+-------+-------+-------++-------
Melee: Rapier            |    96 |       |    51 |   232 ||   379
       Bite              |     7 |    15 |    37 |    30 ||    89
       Dagger            |    26 |   144 |   199 |     9 ||   378
Throw: Dart              |       |     3 |    17 |     6 ||    26
Invok: Grow Ballistomyce |       |       |     2 |     2 ||     4
Evoke: Wand              |       |       |       |     3 ||     3
  Use: Scroll            |       |       |     7 |       ||     7
       Potion            |       |       |       |     1 ||     1
Armor: Scale mail        |    57 |    54 |    99 |    72 ||   282
Dodge: Dodged            |    30 |    39 |    80 |   140 ||   289
Block: Kite shield       |    55 |    72 |   140 |   193 ||   460
